Map: Ujari

Players

tukaran

  • Race: Protoss Protoss
  • Spawn Location: 0:00

ElZacho

  • Race: Protoss Protoss
  • League: Silver
  • Spawn Location: 3:00

Swag

  • Race: Terran Terran
  • Spawn Location: 3:00

Jiji - Winner!

  • Race: Terran Terran
  • Spawn Location: 0:00

Tebyl - Winner!

  • Race: Zerg Zerg
  • League: Gold
  • Spawn Location: 9:00

Infamous - Winner!

  • Race: Protoss Protoss
  • League: Silver
  • Spawn Location: 9:00

VOD

Have the link to the VOD?

Description

Time

  • Played on: March 30, 2018, 3:54 p.m.
  • Length: 11:02
Show
View Real Time Build Order
Export as new Build Order

tukaran Protoss 

Build Orders:  

Get SALT Encoding   

  12  0:55  Pylon  
  12  1:05  Assimilator  
  12  1:10  Assimilator  
  12  1:23  Probe (Chrono Boost)  
  14  1:34  Probe (Chrono Boost)  
  14  1:38  Probe (Chrono Boost)  
  15  1:56  Forge  
  15  2:13  Pylon  
  15  2:34  Gateway  
  15  2:44  Photon Cannon  
  15  2:56  Photon Cannon  
  15  2:58  Photon Cannon  
  15  2:59  Photon Cannon  
  15  3:02  Photon Cannon  
  15  3:24  Gateway  
  15  3:27  Zealot  
  17  3:54  Zealot  
  19  4:05  Photon Cannon  
  19  4:06  Photon Cannon  
  19  4:12  Probe (Chrono Boost)  
  20  4:21  Zealot  
  20  4:22  Probe (Chrono Boost)  
  23  4:27  Probe (Chrono Boost)  
  24  5:02  Assimilator  
  24  5:10  Assimilator  
  24  5:23  Pylon  
  24  5:25  Pylon  
  24  5:30  Pylon  
  24  5:33  Pylon  
  24  6:01  Pylon  
  24  6:03  Pylon  
  24  6:13  Nexus  
  24  6:20  Cybernetics Core  
  24  6:27  Gateway  
  24  6:29  Gateway  
  24  6:30  Gateway  
  24  6:56  Photon Cannon  
  24  7:02  Photon Cannon  
  24  7:20  Photon Cannon  
Show
View Real Time Build Order
Export as new Build Order

ElZacho Protoss 

Build Orders:  

Get SALT Encoding   

  12  0:03  Probe  
  13  0:20  Pylon  
  13  0:26  Probe  
  14  0:38  Probe  
  14  0:40  Pylon  
  15  0:50  Probe (Chrono Boost)  
  15  0:54  Assimilator  
  16  0:59  Probe (Chrono Boost)  
  17  1:04  Probe (Chrono Boost)  
  18  1:28  Assimilator  
  18  1:48  Gateway  
  18  1:55  Probe  
  19  2:07  Probe  
  19  2:08  Forge  
  20  2:15  Pylon  
  20  2:19  Probe  
  21  2:31  Probe  
  22  2:41  Cybernetics Core  
  22  2:59  Photon Cannon  
  22  3:16  Photon Cannon  
  22  3:25  Photon Cannon  
  22  3:30  Protoss Air Weapons Level 1 (Chrono Boost)  
  22  3:35  Stalker  
  24  3:50  Probe  
  25  3:58  Stargate  
  24  4:16  Stargate  
  24  4:47  Photon Cannon  
  24  4:52  Void Ray  
  28  5:17  Protoss Air Armor Level 1  
  28  5:20  Nexus  
  28  5:34  Pylon  
  28  5:35  Void Ray  
  32  5:47  Pylon, Void Ray  
  36  6:03  Photon Cannon  
  36  6:22  Void Ray  
  40  6:32  Probe (Chrono Boost), Photon Cannon  
  41  6:42  Assimilator  
  41  6:43  Probe (Chrono Boost)  
  41  6:46  Void Ray  
  46  6:47  Assimilator  
  46  6:48  Probe (Chrono Boost)  
  47  6:58  Probe  
  48  7:06  Protoss Shields Level 1  
  48  7:07  Pylon  
  48  7:08  Pylon  
  48  7:11  Probe  
  49  7:23  Probe  
  47  7:36  Probe, Photon Cannon  
  40  7:40  Photon Cannon  
  40  7:48  Probe  
  41  7:51  Void Ray  
  41  7:58  Probe  
  46  8:00  Probe  
  47  8:10  Probe  
  47  8:12  Probe  
  49  8:21  Pylon, Void Ray  
  49  8:22  Probe  
  49  8:24  Probe  
  55  8:34  Probe  
  55  8:35  Void Ray  
  55  8:36  Probe  
  61  8:46  Probe  
  62  8:51  Fleet Beacon  
  62  9:03  Void Ray  
  66  9:18  Void Ray  
  70  9:31  Stargate  
  70  9:35  Stargate  
  70  9:46  Void Ray  
  74  10:01  Void Ray  
  69  10:17  Pylon  
  69  10:18  Pylon  
  31  10:49  Photon Cannon  
  25  10:50  Photon Cannon  
Show
View Real Time Build Order
Export as new Build Order

Swag Terran 

Build Orders:  

Get SALT Encoding   

  12  0:03  SCV  
  13  0:15  SCV  
  14  0:28  SCV  
  15  0:34  Supply Depot  
  15  0:35  Refinery  
  15  0:59  SCV  
  16  1:06  Supply Depot  
  16  1:11  SCV  
  17  1:22  Barracks  
  17  1:23  SCV  
  18  1:35  SCV  
  18  1:38  Barracks  
  19  1:47  SCV, Refinery  
  20  1:59  SCV  
  21  2:01  Engineering Bay  
  21  2:23  SCV  
  22  2:35  SCV  
  23  2:49  Barracks Tech Lab  
  23  2:56  Supply Depot  
  23  2:59  Command Center  
  23  3:07  Supply Depot  
  23  3:10  Barracks Reactor  
  23  3:23  Factory  
  24  3:27  SCV  
  24  3:36  Supply Depot  
  24  3:39  SCV  
  25  3:47  Marauder  
  27  3:51  SCV  
  28  3:56  Supply Depot  
  28  4:03  SCV  
  28  4:09  Marauder  
  31  4:27  SCV  
  31  4:30  Marauder  
  34  4:35  Supply Depot  
  34  4:39  SCV  
  35  4:48  Factory Tech Lab  
  35  4:51  SCV, Marauder  
  38  4:55  Starport  
  38  5:03  SCV  
  39  5:10  Supply Depot  
  39  5:15  SCV  
  40  5:26  Supply Depot  
  40  5:32  Marine x2  
  42  5:40  Starport Tech Lab  
  42  5:46  Starport  
  42  5:49  Marine  
  42  5:50  Marine  
  42  5:53  Armory  
  44  6:00  Supply Depot  
  44  6:07  Marine  
  44  6:08  Marine, Refinery  
  46  6:15  Refinery  
  46  6:24  SCV  
  46  6:25  Marine x2  
  49  6:34  Supply Depot  
  49  6:36  SCV, Marauder  
  52  6:48  SCV  
  52  6:50  Supply Depot  
  53  6:57  Marauder  
  53  7:00  SCV  
  56  7:04  Starport Tech Lab  
  56  7:11  Starport  
  56  7:12  SCV  
  57  7:19  Marauder  
  59  7:37  Fusion Core  
  59  7:40  Marauder  
  61  7:54  Marine x2  
  44  8:10  Marine  
  44  8:12  Marine x2  
  34  8:30  Marine x2  
Show
View Real Time Build Order
Export as new Build Order

Jiji Terran - Winner!

Build Orders: MMM Bio 

Get SALT Encoding   

  12  0:25  Supply Depot  
  12  0:33  SCV, Refinery  
  13  0:46  SCV  
  14  0:51  Barracks  
  14  0:58  SCV  
  15  1:10  Supply Depot, SCV  
  16  1:34  Barracks  
  16  1:45  Orbital Command  
  16  1:56  Barracks Reactor  
  16  2:08  Engineering Bay  
  16  2:33  Command Center  
  16  2:38  Marine, Barracks Tech Lab  
  16  2:39  Marine  
  18  2:44  SCV  
  18  2:50  Refinery  
  19  2:56  Marine x2, SCV  
  22  3:04  Marine  
  23  3:14  Marine  
  23  3:17  SCV  
  25  3:29  SCV  
  26  3:36  Combat Shields  
  26  3:41  SCV  
  26  3:42  Marine  
  26  3:47  Orbital Command  
  28  3:53  SCV  
  29  4:00  Marine  
  30  4:05  SCV  
  30  4:09  Supply Depot  
  31  4:11  Supply Depot  
  31  4:16  Terran Infantry Weapons Level 1  
  31  4:17  SCV x2  
  33  4:29  SCV  
  34  4:40  Factory  
  34  4:42  Marine x2  
  36  5:04  SCV  
  37  5:12  Stimpack  
  37  5:16  SCV  
  38  5:22  Refinery  
  38  5:25  Marine  
  38  5:26  Marine x2  
  41  5:29  SCV  
  41  5:30  Factory Reactor  
  41  5:32  Factory Tech Lab  
  42  5:41  SCV  
  43  5:43  Supply Depot x2, Marine x3  
  43  5:45  Supply Depot  
  43  5:47  Missile Turret  
  46  5:52  Cyclone  
  46  5:53  SCV  
  50  6:01  Marine  
  51  6:10  Terran Infantry Armor Level 1  
  51  6:13  Starport  
  51  6:19  Starport  
  51  6:31  Widow Mine  
  53  6:35  SCV, Refinery  
  54  6:48  SCV  
  55  7:00  SCV, Starport Reactor  
  56  7:01  Starport Tech Lab  
  56  7:07  Marine x3  
  59  7:12  SCV  
  59  7:13  Concussive Shells  
  60  7:25  Marine x2  
  60  7:28  Siege Tank  
  61  8:03  Medivac  
  61  8:04  Medivac, Hi-Sec Auto Tracking  
  65  8:33  Viking  
  65  8:34  Viking  
  69  8:40  Liberator  
  69  8:41  Cyclone  
  72  9:00  Marine x2  
  77  9:11  Armory  
  77  9:17  Viking x2  
  77  9:23  Liberator  
  81  9:32  High Capacity Fuel Tanks  
Show
View Real Time Build Order
Export as new Build Order

Tebyl Zerg - Winner!

Build Orders: Pool First 

Get SALT Encoding   

  12  0:25  Spawning Pool  
  12  0:26  Drone  
  12  0:27  Drone  
  13  0:37  Overlord  
  13  0:57  Drone  
  13  0:58  Drone  
  15  1:05  Overlord  
  15  1:12  Drone  
  15  1:15  Queen  
  18  1:35  Extractor  
  18  1:37  Extractor  
  16  1:47  Drone x3  
  19  1:57  Hatchery  
  19  2:00  Drone  
  19  2:14  Drone  
  20  2:24  Drone x4  
  24  2:30  Lair  
  24  3:03  Drone x3  
  24  3:04  Drone x3  
  30  3:12  Queen  
  30  3:13  Overlord  
  32  3:32  Spire  
  32  3:33  Drone  
  32  3:38  Pneumatized Carapace  
  32  3:40  Drone x2  
  34  3:44  Extractor  
  34  3:47  Extractor  
  34  3:48  Drone x2  
  34  4:09  Drone x2  
  36  4:14  Drone  
  36  4:16  Drone x4  
  36  4:17  Drone x2  
  43  4:29  Overlord x3  
  43  4:38  Drone  
  44  4:50  Zerg Flyer Weapons Level 1  
  44  4:51  Mutalisk x4  
  52  5:09  Drone x2  
  52  5:10  Drone, Spine Crawler  
  54  5:24  Mutalisk x3  
  60  5:33  Drone x2  
  60  5:35  Mutalisk  
  64  5:42  Drone  
  65  5:56  Spire  
  64  6:01  Spine Crawler  
  63  6:08  Overlord  
  63  6:09  Overlord  
  63  6:10  Mutalisk  
  65  6:16  Spine Crawler  
  64  6:19  Drone x2, Spine Crawler  
  64  6:21  Mutalisk  
  67  6:30  Drone  
  68  6:34  Mutalisk x3  
  74  6:46  Hatchery  
  73  6:57  Drone  
  74  7:03  Zerg Flyer Weapons Level 2  
  74  7:08  Zerg Flyer Armor Level 1  
  74  8:36  Mutalisk x4  
  74  8:37  Mutalisk  
  84  8:44  Overlord x3  
  84  8:51  Extractor  
  77  9:19  Extractor  
  76  9:33  Burrow  
  76  9:45  Infestation Pit  
  75  10:15  Drone  
  76  10:26  Hatchery  
Show
View Real Time Build Order
Export as new Build Order

Infamous Protoss - Winner!

Build Orders:  

Get SALT Encoding   

  12  0:01  Probe  
  13  0:14  Probe  
  13  0:18  Pylon  
  14  0:26  Probe  
  15  0:37  Gateway  
  15  0:39  Probe (Chrono Boost)  
  16  0:49  Probe (Chrono Boost)  
  17  0:53  Probe (Chrono Boost)  
  18  0:58  Assimilator  
  18  1:09  Probe  
  19  1:16  Pylon  
  19  1:22  Probe  
  19  1:25  Cybernetics Core  
  20  1:34  Probe  
  21  1:42  Zealot  
  21  1:46  Probe  
  24  1:48  Assimilator  
  24  2:00  Warp Gate (Chrono Boost)  
  24  2:05  Probe  
  25  2:17  Probe  
  25  2:21  Pylon  
  26  2:32  Probe  
  26  2:33  Robotics Facility  
  27  2:41  Gateway x2  
  27  2:44  Probe  
  28  3:01  Twilight Council  
  28  3:07  Pylon, Probe  
  29  3:20  Observer  
  29  3:24  Probe  
  31  3:29  Forge  
  31  3:36  Probe  
  32  3:45  Shield Battery  
  32  3:46  Charge  
  32  3:48  Probe  
  32  3:49  Stalker  
  32  3:50  Stalker  
  32  3:52  Zealot  
  39  4:06  Immortal  
  43  4:15  Zealot  
  44  4:20  Protoss Ground Armor Level 1 (Chrono Boost)  
  44  4:21  Probe  
  45  4:33  Zealot  
  47  4:51  Pylon  
  47  4:57  Pylon  
  47  5:09  Pylon, Probe, Immortal  
  52  5:21  Probe  
  52  5:25  Nexus  
  53  5:34  Probe  
  54  5:36  Pylon  
  54  5:38  Blink (Chrono Boost)  
  54  5:43  Sentry  
  54  5:44  Sentry  
  54  5:48  Probe  
  59  6:02  Immortal  
  63  6:05  Stalker  
  63  6:08  Probe  
  66  6:16  Protoss Ground Armor Level 2 (Chrono Boost)  
  66  6:20  Probe  
  67  6:29  Zealot  
  67  6:30  Zealot  
  71  6:41  Probe x2  
  73  6:50  Stalker  
  73  6:51  Stalker  
  73  6:53  Probe x2  
  79  7:07  Probe, Assimilator  
  79  7:08  Probe  
  81  7:11  Stalker, Assimilator  
  83  7:19  Probe  
  83  7:20  Probe  
  85  7:32  Probe  
  86  7:41  Pylon  
  86  7:44  Pylon  
  86  7:48  Photon Cannon  
  86  7:49  Photon Cannon  
  86  7:55  Photon Cannon  
  86  7:57  Shield Battery  
  86  7:59  Probe  
  87  8:11  Probe, Gateway  
  88  8:18  Gateway  
  88  8:33  Stalker  
  88  8:34  Stalker x2  
  94  8:59  Immortal  
  98  9:02  Zealot  
  98  9:03  Zealot  
  102  9:46  Pylon  
  102  9:48  Pylon  
  102  9:50  Gateway  
  102  9:55  Gateway  
  102  10:04  Probe x2, Immortal  
  108  10:07  Gateway  
  96  10:37  Stalker x4  
  100  10:53  Stalker  
Tags
 
Add a new tag
Caveats
  • Supply blocks, unpowered buildings, or Contaminate may cause inaccurate times.
  • Supply counts are checked every 10 seconds.